 Dungeon Crawl Stone Soup version 0.26.1-11-gd32895ea62 (webtiles) character file.

Game seed: 11212488059659186885

25 bpung the Conjurer (level 2, -3/20 HPs)
             Began as a Draconian Conjurer on June 2, 2021.
             Slain by a leopard gecko (4 damage)
             ... on level 1 of the Dungeon.
             The game lasted 00:03:15 (1486 turns).

bpung the Conjurer (Draconian Conjurer)             Turns: 1486, Time: 00:03:15

Health: -3/20      AC:  4    Str:  9    XL:     2   Next: 82%
Magic:  0/5        EV: 12    Int: 18    God:
Gold:   50         SH:  0    Dex:  9    Spells: 4/5 levels left

rFire    . . .     SeeInvis .   a - +0 dagger (speed)
rCold    . . .     Faith    .   (no shield)
rNeg     . . .     Spirit   .   (armour unavailable)
rPois    .         Reflect  .   (helmet restricted)
rElec    .         Harm     .   (no cloak)
rCorr    .         Rampage  .   (no gloves)
Will     .....                  (no boots)
Stlth    ++........             (no amulet)
HPRegen  0.06/turn              (no ring)
MPRegen  0.09/turn              (no ring)

@: flying
A: unfitting armour, cold-blooded, AC +4
a: no special abilities


You were on level 1 of the Dungeon.
You visited 1 branch of the dungeon, and saw 2 of its levels.

You collected 50 gold pieces.

Inventory:

Hand Weapons
 a - a +0 dagger of speed (weapon)
 b - a +0 club
Scrolls
 c - a scroll of immolation {unknown}
 d - a scroll of amnesia {unknown}
 f - a scroll of enchant weapon {unknown}
 h - a scroll of identify {unknown}
 i - a scroll of teleportation {unknown}
Potions
 g - a potion of curing {unknown}


   Skills:
 + Level 2.1 Dodging
 + Level 2.2 Stealth
 + Level 2.3 Spellcasting
 + Level 4.2 Conjurations


You had 4 spell levels left.
You knew the following spells:

 Your Spells              Type           Power        Failure   Level
a - Magic Dart            Conj           68%          3%          1

Your spell library contained the following spells:

 Spells                   Type           Power        Failure   Level
 Searing Ray              Conj           34%          4%          2
 Dazzling Flash           Conj/Hex       18%          22%         3
 Fulminant Prism          Conj/Hex       4%           58%         4
 Iskenderun's Mystic Bla  Conj/Tloc      9%           58%         4


Dungeon Overview and Level Annotations

Branches:
Dungeon (2/15)

Altars:


Innate Abilities, Weirdness & Mutations

Your plain brown scales are hard. (AC +4)
You cannot fit into any form of body armour.
You are cold-blooded and may be slowed by cold attacks.


Message History

The magic dart hits the jackal but does no damage.
The jackal is almost dead.
The leopard gecko misses you. The jackal bites you.
* * * LOW HITPOINT WARNING * * *
The leopard gecko closely misses you.
Casting: Magic Dart (safe; 3% risk of failure)
Confirm with . or Enter, or press ? or * to list all spells.
Aiming: Magic Dart (safe; 3% risk of failure)
Press: ? - help, Shift-Dir - straight line, f/p - jackal
Aim: a jackal (almost dead, 0% to evade)
The magic dart hits the jackal but does no damage.
The jackal is almost dead.
The jackal completely misses you.
The leopard gecko bites you but does no damage.
The jackal bites you.
* * * LOW HITPOINT WARNING * * *
It was a potion of flight.
You feel very buoyant.
You fly up into the air.
The leopard gecko bites you.
You die...

..####.#.## #.# #.#.#
#.#.#.###.###.# #.#.#
.#.#.#.###....# #.#.#
#(#.#.###.##### #...# .#.#.#.#.##
##..# ≈≈≈≈≈.#.######## #..#
≈...≈#.........# #..#
≈..<≈.#.######.###############..#
≈...≈#..# #hh@l..............#
≈≈≈≈≈.### #################.##
.#.#.#(# #.# #.#.#.##
############## #.# .#.#.#.#
#......(.....# #.# #.#.#.##
#.##########.# #.# #.##..# #.#
#.# #.## #.....# #.# #.#####..)
####..# #.# #.........


You could see a leopard gecko and 2 jackals.

Vanquished Creatures
  6 bats (D:1)
  3 giant cockroaches (D:1)
  3 goblins (D:1)
  2 hobgoblins (D:1)
  3 kobolds (D:1)
  A ball python (D:1)
  2 frilled lizards (D:1)
  5 rats (D:1)
25 creatures vanquished.

Notes
Turn   | Place    | Note
-------+----------+-------------------------------------------
     0 | D:1      | bpung the Draconian Conjurer began the quest for the Orb.
     0 | D:1      | Reached XP level 1. HP: 14/14 MP: 3/3
   447 | D:1      | Reached XP level 2. HP: 20/20 MP: 5/5
  1485 | D:1      | HP: 1/20 [jackal (2)]
  1486 | D:1      | Slain by a leopard gecko

Illustrated notes

Levels and vault maps discovered:
D:1:      ncdulo_watergridlock, layout_loops_ring, serial_forest,
          infiniplex_forest_corner_1, infiniplex_forest_clump_small,
          infiniplex_forest_lined_4_way, infiniplex_forest_pool
D:2:      layout_loops_ring, lemuel_doored_altar, led_sif_pool, uniq_natasha,
          uniq_crazy_yiuf_cottage, uniq_sigmund

Skill      XL: |  1 |
---------------+----+-----
Stealth        | 2 |  2.2
Dodging        | 2 |  2.1
Spellcasting   | |  2.3
Conjurations   | |  4.2

Action                   || total
-------------------------++-------
Melee: Dagger            ||   107
       Unarmed           ||     8
       Club              ||     7
       Tailslap          ||     4
 Cast: Magic Dart        ||    23
  Use: Potion            ||     1
Armor: Skin              ||    40
Dodge: Dodged            ||    87
